 Dungeon Crawl Stone Soup version 0.19.0-2-gae57169 (webtiles) character file.

686 thirtiethelement the Covert (level 7, -4/45 HPs)
             Began as an Octopode Wanderer on Nov 6, 2016.
             Was an Initiate of Okawaru.
             Slain by a bullfrog (7 damage)
             ... on level 6 of the Dungeon.
             The game lasted 00:33:43 (5309 turns).

thirtiethelement the Covert (Octopode Wanderer)     Turns: 5309, Time: 00:33:44

Health: -4/45      AC:  1    Str: 11    XL:     7   Next: 62%
Magic:  8/8        EV: 14    Int: 18    God:    Okawaru [......]
Gold:   295        SH:  0    Dex: 13    Spells: 0 memorised, 8 levels left

rFire  . . .     SeeInvis .     a - +2 dagger
rCold  . . .     Gourm    .     (no shield)
rNeg   + . .     Faith    .     (helmet restricted)
rPois  .         Spirit   .     (no amulet)
rElec  .         Reflect  .     f - ring of positive energy
rCorr  .         Harm     .     e - +3 ring of intelligence
MR     .....                    (no ring)
Stlth  +++++.....               (no ring)
                                (no ring)
                                (no ring)
                                (no ring)
                                (no ring)

@: no status effects
A: almost no armour, stealthy swim, amphibious, 8 rings, constrict 8, camouflage
1, gelatinous body 1
a: Renounce Religion


You were on level 6 of the Dungeon.
You worshipped Okawaru.
Okawaru was noncommittal.
You were full.

You visited 1 branch of the dungeon, and saw 6 of its levels.

You collected 295 gold pieces.

Inventory:

Hand Weapons
 a - a +2 dagger (weapon)
 j - a +0 great sword
Missiles
 b - 32 poisoned needles
 h - 8 bolts
Jewellery
 e - a +3 ring of intelligence (right tentacle)
 f - a ring of positive energy (left tentacle)
Scrolls
 o - a scroll of remove curse
Potions
 d - a potion of curing {unknown}
 g - a potion of degeneration {unknown}
 i - 2 potions of resistance
 l - 2 potions of flight {unknown}
 m - a potion of cancellation {unknown}
 n - a potion of ambrosia {unknown}
 r - a potion of agility {unknown}
Comestibles
 s - a bread ration


   Skills:
 * Level 2.4 Fighting
 * Level 3.2(3.3) Short Blades
 + Level 1.0(2.2) Long Blades
 * Level 3.4 Dodging
 * Level 8.6 Stealth
 - Level 1.0 Spellcasting
   Level 1.0 Conjurations
   Level 3.0 Translocations
   Level 1.1 Evocations


You had 8 spell levels left.
You didn't know any spells.

Dungeon Overview and Level Annotations

Branches:
Dungeon (6/15)             Temple (0/1) D:4

Altars:
Elyvilon
Fedhas
Okawaru
Sif Muna
Zin
The Shining One


Innate Abilities, Weirdness & Mutations

You cannot wear most types of armour.
You are very stealthy in the water. (Stealth+)
You are amphibious.
You can wear up to eight rings at the same time.
You can use your tentacles to constrict eight enemies at once.
Your skin changes colour to match your surroundings (Stealth+).
Your rubbery body absorbs attacks. (AC +1, EV +1)


Message History

Found a chain mail.
A crimson imp and a zombie come into view.
The crimson imp shouts!
A howler monkey comes into view.
Found a gold piece.
A bullfrog comes into view.
You see here a hand axe.
The howler monkey hoots and howls with incredible vigour!
The bullfrog zombie hits you!
* * * LOW HITPOINT WARNING * * *
You hear an angry hiss.
The crimson imp blinks!
The crimson imp blinks!
The bullfrog hits you.
* * * LOW HITPOINT WARNING * * *
The bullfrog zombie hits you!
* * * LOW HITPOINT WARNING * * *
An adder comes into view.
The bullfrog hits you!
You die...

8...8###ยง..###.#
##8# #.)...##.#
##########.....##.#
#............>.'..#
#.......)......####
#..............#
#.$......#######
#........#
.#....@Z..#
.......Fh..#
.......#####
######. # #S #. +.
#.


You could see a bullfrog, a howler monkey, an adder and a bullfrog zombie.

Vanquished Creatures
  A centaur (D:4)
  A scorpion (D:4)
  2 howler monkeys
  A crimson imp (D:6)
  2 hounds
  2 orc priests (D:3)
  An orc wizard (D:3)
  A worker ant (D:4)
  5 adders
  8 gnolls
  A shadow imp (D:5)
  2 oozes
  An adder skeleton (D:4)
  4 worms (D:3)
  4 dart slugs
  4 leopard geckos
  17 orcs
  6 giant cockroaches
  6 goblins
  7 hobgoblins
  4 jackals (D:5)
  4 quokkas
  11 bats
  5 frilled lizards
  10 kobolds
  5 rats
115 creatures vanquished.

Notes
Turn   | Place    | Note
-------+----------+-------------------------------------------
     0 | D:1      | thirtiethelement the Octopode Wanderer began the quest for the Orb.
     0 | D:1      | thirtiethelement set off with: a +2 dagger, a potion of heal wounds, a +0 falchion, a scroll of teleportation, a bread ration
     0 | D:1      | Reached XP level 1. HP: 13/13 MP: 2/2
    66 | D:1      | Reached skill level 3 in Stealth
   110 | D:1      | Reached XP level 2. HP: 10/18 MP: 3/3
   393 | D:1      | Reached skill level 1 in Dodging
   425 | D:1      | Reached skill level 4 in Stealth
   425 | D:1      | Reached XP level 3. HP: 23/23 MP: 4/4
   971 | D:2      | Reached skill level 1 in Short Blades
  1110 | D:2      | Reached XP level 4. HP: 25/28 MP: 5/5
  1156 | D:2      | Reached skill level 5 in Stealth
  1957 | D:3      | Reached XP level 5. HP: 22/33 MP: 6/6
  2419 | D:3      | Reached skill level 6 in Stealth
  2431 | D:3      | Found an iron altar of Okawaru.
  2444 | D:3      | Became a worshipper of Warmaster Okawaru
  2627 | D:3      | Reached XP level 6. HP: 38/38 MP: 7/7
  2779 | D:3      | Found a deep blue altar of Sif Muna.
  3107 | D:4      | Found a glowing silver altar of Zin.
  3107 | D:4      | Found a glowing golden altar of the Shining One.
  3107 | D:4      | Found a white marble altar of Elyvilon.
  3197 | D:4      | Reached skill level 7 in Stealth
  3348 | D:4      | Reached XP level 7. HP: 41/45 MP: 8/8
  3655 | D:4      | Found a staircase to the Ecumenical Temple.
  3696 | D:4      | Reached skill level 8 in Stealth
  4069 | D:5      | Entered Level 5 of the Dungeon
  4323 | D:5      | HP: 2/45 [acid (9)]
  5060 | D:5      | HP: 1/45 [ice beast (14)]
  5164 | D:5      | HP: 1/45 [ice beast (11)]
  5275 | D:6      | Found a blossoming altar of Fedhas.
  5309 | D:6      | Slain by a bullfrog

Skill      XL: |  1  2  3  4  5  6  7 |
---------------+----------------------+-----
Stealth        | 3 4 5 6 7 8 |  8.6
Dodging        | 1 2 3 |  3.4
Short Blades   | 1 2 3 |  3.2
Fighting       | 2 |  2.4
Long Blades    | |  1.0
Spellcasting   | |  1.0
Conjurations   | |  1.0
Translocations | |  3.0
Evocations     | |  1.1

Action                   |  1- 3 |  4- 6 |  7- 9 || total
-------------------------+-------+-------+-------++-------
Melee: Dagger            |    65 |   150 |    90 ||   305
       Tentacles         |     9 |    21 |    15 ||    45
       Constrict         |    11 |    26 |    14 ||    51
Throw: Tomahawk          |       |       |     3 ||     3
  Use: Scroll            |     5 |     4 |     7 ||    16
       Potion            |     1 |     2 |     2 ||     5
 Stab: Sleeping          |    15 |    22 |     6 ||    43
       Distracted        |       |     1 |       ||     1
  Eat: Bread ration      |     1 |       |       ||     1
       Beef jerky        |       |     1 |       ||     1
       Fruit             |       |     2 |     1 ||     3
       Meat ration       |       |       |     2 ||     2
Armor: Skin              |    13 |   123 |     3 ||   139
Dodge: Dodged            |    43 |    68 |    63 ||   174
